 Dungeon Crawl Stone Soup version 0.31-a0-358-gac0dbeb3ab (webtiles) character file.

Game seed: 15198398035104249515

275 AdnanSaban the Covered (level 6, -8/38 HPs)
             Began as a Gargoyle Fighter on July 26, 2023.
             Mangled by an ice beast (10 damage)
             ... on level 4 of the Dungeon.
             The game lasted 00:02:55 (3164 turns).

AdnanSaban the Covered (Gargoyle Fighter)           Turns: 3164, Time: 00:02:56

Health: -8/38      AC: 15    Str: 21    XL:     6   Next: 24%
Magic:  6/6        EV:  6    Int:  9    God:
Gold:   271        SH:  4    Dex:  9    Spells: 5/5 levels left

rFire   . . .        a - +0 flail
rCold   . . .        c - +0 buckler
rNeg    + . .        b - +0 scale mail
rPois   ∞            t - +0 helmet
rElec   +            (no cloak)
rCorr   .            r - +0 pair of gloves
SInv    .            n - +0 pair of boots
Will    .....        (no amulet) Stlth
                     (no ring)
HPRegen 0.26/turn    (no ring)
MPRegen 0.10/turn

%: no passive effects
@: constricted
A: sickness immunity, AC +4, negative energy resistance 1, electricity
resistance, torment resistance 1, petrification resistance
a: no special abilities


You were on level 4 of the Dungeon.
You visited 1 branch of the dungeon, and saw 4 of its levels.

You collected 271 gold pieces.

Inventory:

Hand Weapons
 a - a +0 flail (weapon)
Missiles
 w - 9 poisoned darts
 y - 3 boomerangs (quivered)
Armour
 b - a +0 scale mail (worn)
 c - a +0 buckler (worn)
 n - a +0 pair of boots (worn)
 r - a +0 pair of gloves (worn)
 t - a +0 helmet (worn)
Jewellery
 z - a ring of resist corrosion
Wands
 s - a wand of flame (13)
Scrolls
 e - a scroll of enchant weapon {unknown}
 f - 2 scrolls of revelation {unknown}
 h - 3 scrolls of poison {unknown}
 j - a scroll of silence {unknown}
 o - a scroll of vulnerability {unknown}
 p - a scroll of teleportation {unknown}
 q - a scroll of immolation {unknown}
 v - 2 scrolls of identify {unknown}
Potions
 d - a potion of might
 g - a potion of heal wounds {unknown}
 i - a potion of attraction {unknown}
 k - 3 potions of cancellation {unknown}
 l - a potion of curing {unknown}
 m - 2 potions of mutation {unknown}
 u - a potion of degeneration {unknown}
 x - a potion of ambrosia {unknown}
 A - 2 potions of invisibility {unknown}


   Skills:
 + Level 4.1 Fighting
 + Level 4.6 Maces & Flails
 + Level 0.1 Throwing
 + Level 4.6 Armour
 + Level 1.0 Dodging
 + Level 3.7 Shields


You had 5 spell levels left.
You didn't know any spells.
Your spell library contained the following spells:

 Spells                   Type           Power      Damage    Failure   Level
 Slow                     Hex            0%         N/A       78%         1
 Blink                    Tloc           0%         N/A       89%         2
 Lesser Beckoning         Tloc           0%         N/A       89%         2
 Momentum Strike          Conj/Tloc      0%         3d8       89%         2
 Wereblood                Tmut           0%         N/A       89%         2
 Confusing Touch          Hex            0%         N/A       98%         3
 Vampiric Draining        Necr           0%         2d6       98%         3
 Irradiate                Conj/Tmut      0%         3d11      100%        5


Dungeon Overview and Level Annotations

Branches:
Dungeon (4/15)
 Temple: D:4-7

Altars:
Qazlal


Innate Abilities, Weirdness & Mutations

You are immune to sickness and miasma.
Your stone body is resilient. (AC +4)
You are immune to poison.
You resist negative energy. (rN+)
You are resistant to electric shocks. (rElec)
You are resistant to unholy torment.
You are immune to petrification.


Message History

The ice beast is lightly wounded.
You throw a boomerang.
The boomerang completely misses the ice beast.
You hit the ice beast.
The ice beast is moderately wounded.
The ice beast hits you but does no damage.
You hit the ice beast.
The ice beast is heavily wounded.
The ice beast hits you. The ice beast freezes you.
You hit the ice beast.
The ice beast is severely wounded.
The ice beast hits you. The ice beast freezes you!
The ball python barely misses you. The ball python closely misses you.
You are too injured to fight recklessly!
You are too injured to fight recklessly!
You are too injured to fight recklessly!
You closely miss the ice beast.
The ice beast is severely wounded.
The ice beast hits you but does no damage.
The ball python barely misses you. The ball python closely misses you.
You hit the ice beast but do no damage.
The ice beast is severely wounded.
The ice beast hits you but does no damage.
The ball python bites you but does no damage.
The ball python barely misses you. The ice beast hits you.
The ice beast freezes you!
* * * LOW HITPOINT WARNING * * *
You closely miss the ice beast.
The ice beast is severely wounded.
The ball python closely misses you. The ball python grabs you.
The ball python constricts you.
The ice beast hits you but does no damage.
You block the ball python's attack. The ball python constricts you.
You barely miss the ice beast.
The ice beast is severely wounded.
The ball python bites you but does no damage.
The ball python constricts you. The ice beast hits you.
* * * LOW HITPOINT WARNING * * *
The ice beast freezes you!
You die...

.....##.....# ##...........
### ##.......... ##.###
#.......... ##....##
##.###.####.. ##[.....### ..#
#. #... ##..###><..###.### .#
#.#.. ##..## ##.........##
#.##.. ##..## ##..@Y.......
..##... #####...#
##....S....... .......
.......##
##...#....#......#..##.
#####..####..####...##.....##
# ####....## #...##......##..
#### #.....# #..###.........#
...## ##...## #..# #........
....# ##..## #..###......
##..# ##..# #...##....#


You could see an ice beast and a ball python.

Vanquished Creatures
  2 jellies (D:4)
  Robin (D:3)
  12 adders
  2 worms (D:3)
  3 dart slugs
  3 orcs (D:4)
  8 ball pythons
  3 endoplasms
  7 giant cockroaches
  10 goblins
  6 hobgoblins
  3 jackals (D:2)
  6 quokkas
  3 bats (D:1)
  3 frilled lizards
  4 kobolds
  6 rats
82 creatures vanquished.

Notes
Turn   | Place    | Note
-------+----------+-------------------------------------------
     0 | D:1      | AdnanSaban the Gargoyle Fighter began the quest for the
                  | Orb.
     0 | D:1      | Reached XP level 1. HP: 14/14 MP: 1/1
    87 | D:1      | Reached XP level 2. HP: 11/19 MP: 2/2
   561 | D:1      | Reached XP level 3. HP: 24/24 MP: 3/3
   872 | D:2      | Found a faded altar of an unknown god.
  1025 | D:2      | Reached XP level 4. HP: 28/29 MP: 4/4
  1682 | D:3      | Reached XP level 5. HP: 32/33 MP: 5/5
  1904 | D:3      | Noticed Robin
  1982 | D:3      | Killed Robin
  2106 | D:3      | Found a stormy altar of Qazlal.
  2726 | D:4      | Reached XP level 6. HP: 23/38 MP: 6/6
  2734 | D:4      | Reached skill level 1 in Dodging
  2896 | D:4      | Noticed an ice beast
  3164 | D:4      | Mangled by an ice beast

Illustrated notes

Levels and vault maps discovered:
D:1:      minmay_arrival_loop, layout_loops_cross, serial_glass,
          glass_columns_b, glass_columns_a, glass_columns_a, glass_columns_a,
          chequers_hall_statues_y
D:2:      layout_loops_cross, hellmonk_ecumenical_altar_heavens_door,
          uniq_crazy_yiuf_cottage
D:3:      layout_loops_ring, mainiacjoe_overflow_brackets, uniq_robin
D:4:      layout_layer_cave

Skill      XL: |  1  2  3  4  5  6 |
---------------+-------------------+-----
Maces & Flails | 3 4 |  4.6
Armour         | 4 |  4.6
Fighting       | 4 |  4.1
Dodging        | 1 |  1.0
Throwing       | |  0.1
Shields        | |  3.7

Action                     |  1- 3 |  4- 6 || total
---------------------------+-------+-------++-------
  Melee: Flail             |    99 |   192 ||   291
  Throw: Boomerang         |       |     7 ||     7
 Armour: Scale mail        |    55 |   128 ||   183
  Dodge: Dodged            |    48 |   111 ||   159
  Block: Buckler           |    21 |    45 ||    66

Table legend: (Time is in decaauts)
 A = Elapsed time spent in this place.
 B = Non-inter-level travel time spent in this place.
 C = Inter-level travel time spent in this place.
 D = Time resting spent in this place.
 E = Time spent auto-exploring this place.
 F = Levels seen in this place.
 G = Mean time per level.
                   A        B        C        D        E       F      G
               +--------+--------+--------+--------+--------+-----+--------+
         Total |   3241 |   3129 |    112 |     63 |   2354 |   4 |  810.2 |
       Dungeon |   3241 |   3129 |    112 |     63 |   2354 |   4 |  810.2 |
               +--------+--------+--------+--------+--------+-----+--------+

Top non-repeatable levels by time:
     D:2: 902 daAuts
     D:3: 808 daAuts
     D:1: 799 daAuts
     D:4: 730 daAuts
